 Dungeon Crawl Stone Soup version 0.14-a0-3329-g86b2fc4 (webtiles) character file.

523 Kae the Basher (level 6, -28/51 HPs)
             Began as a Minotaur Fighter on Mar 16, 2014.
             Annihilated by an ogre
             ... wielding a +0,+0 giant spiked club
              (30 damage)
             ... on Level 5 of the Dungeon.
             The game lasted 00:02:56 (3407 turns).

Kae the Basher (Minotaur Fighter)                   Turns: 3407, Time: 00:02:56

HP -28/51        AC  6     Str 19 (21) XL: 6   Next: 67%
MP   3/3         EV  6     Int  6      God:
Gold 89          SH 18     Dex 10      Spells:  0 memorised,  5 levels left

rFire  x . .     SeeInvis .     a - +0,+1 flail
rCold  + . .     Clarity  .     b - +0 scale mail
rNeg   . . .     Conserve .     c - +0 shield
rPois  .         rCorr    .     (helmet restricted)
rElec  .         rRot     .     (no cloak)
SustAb . .       Spirit   .     (no gloves)
rMut   .         Warding  .     (no boots)
Saprov . . .     Stasis   .     (no amulet)
MR     +....                    v - ring of ice
                                j - ring of protection from magic

@: somewhat resistant to hostile enchantments, extremely unstealthy
A: retaliatory headbutt, horns 2
a: no special abilities


You were on level 5 of the Dungeon.
You were very hungry.

You visited 1 branch of the dungeon, and saw 5 of its levels.

You collected 89 gold pieces.

Inventory:

Hand weapons
 a - a +0,+1 flail (weapon)
Armour
 b - a +0 scale mail (worn)
 c - a +0 shield (worn)
Comestibles
 d - 3 bread rations
 f - 3 pears
 n - 3 meat rations
Scrolls
 i - 2 scrolls of recharging
 k - 2 scrolls of identify
 l - 2 scrolls of fog
 p - a scroll of teleportation
 u - 2 scrolls of noise
Jewellery
 j - a ring of protection from magic (left hand)
 v - a ring of ice (right hand)
Potions
 g - 2 potions of restore abilities
 h - 4 potions of curing
 q - a potion of poison


   Skills:
 - Level 3.6 Fighting
 + Level 8.7 Maces & Flails
 - Level 3.6 Armour
 - Level 3.6 Shields


You had 5 spell levels left.
You didn't know any spells.

Dungeon Overview and Level Annotations

Branches:
Dungeon (5/15)
 Temple: D:4-7

Altars:


Innate Abilities, Weirdness & Mutations

You reflexively headbutt those who attack you in melee.
You have a pair of horns on your head.


Message History

The ogre is heavily wounded.
The ogre hits you with a giant spiked club!
Ouch! That really hurt!
* * * LOW HITPOINT WARNING * * *
The orc zombie hits you.
* * * LOW HITPOINT WARNING * * *
Unknown command.
Unknown command.
Read which item? (? for menu, Esc to quit)
Okay, then.
Drink which item? (? for menu, Esc to quit)
Okay, then.
Unknown command.
There is a stone staircase leading up here.
Wield which item (- for none, * to show all)? (? for menu, Esc to quit)
Okay, then.
Unknown command.
The ogre hits you with a giant spiked club!
Ouch! That really hurt!
You die...

. ....
....%
#####....
.......
..... ...#
#..# #@.#
#Oz# #h.#
#h.# .....
........
###....<[..
#...####
#...#


You could see an ogre, an orc zombie and 2 jackals.

Vanquished Creatures
  A phantom (D:4)
  The ghost of Kae the Cudgeler, an average MiFi (D:3)
  A hound (D:4)
  An iguana (D:4)
  A worker ant (D:4)
  Jessica (D:2)
  A gnoll (D:1)
  8 adders
  A worm (D:2)
  An adder skeleton (D:4)
  3 giant geckos
  An ooze (D:5)
  3 orcs (D:3)
  A ball python (D:2)
  7 goblins
  7 hobgoblins
  7 jackals (D:3)
  2 quokkas
  8 bats
  4 giant cockroaches
  3 giant newts
  6 kobolds
  6 rats
75 creatures vanquished.

Notes
Turn   | Place    | Note
--------------------------------------------------------------
     0 | D:1      | Kae, the Minotaur Fighter, began the quest for the Orb.
     0 | D:1      | Reached XP level 1. HP: 19/19 MP: 1/1
   199 | D:1      | Reached XP level 2. HP: 23/26 MP: 1/1
   647 | D:2      | Reached skill level 4 in Maces & Flails
   767 | D:2      | Reached XP level 3. HP: 25/31 MP: 2/2
   846 | D:2      | Reached skill level 5 in Maces & Flails
   859 | D:2      | Noticed Jessica
   863 | D:2      | Killed Jessica
   863 | D:2      | Reached XP level 4. HP: 28/39 MP: 2/2
  1348 | D:2      | Reached skill level 6 in Maces & Flails
  1447 | D:3      | Noticed Kae's ghost (average MiFi)
  1463 | D:3      | Killed Kae's ghost
  1463 | D:3      | Reached skill level 7 in Maces & Flails
  1463 | D:3      | Reached XP level 5. HP: 18/45 MP: 2/2
  2247 | D:4      | Noticed a phantom
  2267 | D:4      | Killed a phantom
  2267 | D:4      | Reached skill level 8 in Maces & Flails
  2267 | D:4      | Reached XP level 6. HP: 37/51 MP: 3/3
  3395 | D:5      | Entered Level 5 of the Dungeon
  3404 | D:5      | HP: 2/51 [orc zombie (1)]
  3407 | D:5      | Annihilated by an ogre

Action                   |  1- 3 |  4- 6 || total
-------------------------+-------+-------++-------
Melee: Flail             |    84 |   151 ||   235
  Use: Potion            |       |     5 ||     5
       Scroll            |       |     8 ||     8
